 Dungeon Crawl Stone Soup version 0.30-a0-4-ga7cffc901d (webtiles) character file.

Game seed: 15698833120114137851

40 Setbun the Sneak (level 3, 0/20 HPs)
             Began as a Kobold Enchanter on Aug 20, 2022.
             Succumbed to an adder's poison
             ... on level 2 of the Dungeon.
             The game lasted 00:00:49 (1283 turns).

Setbun the Sneak (Kobold Enchanter)                 Turns: 1283, Time: 00:00:50

Health: 0/20       AC:  2    Str:  5    XL:     3   Next: 72%
Magic:  6/6        EV: 15    Int: 16    God:
Gold:   33         SH:  0    Dex: 17    Spells: 6/6 levels left

rFire   . . .      SeeInvis .    a - +1 dagger
rCold   . . .      Faith    .    (no shield)
rNeg    . . .      Spirit   .    b - +0 robe
rPois   .          Reflect  .    (no helmet)
rElec   .          Harm     .    (no cloak)
rCorr   .          Rampage  .    (no gloves)
Will    .....                    (no boots)
Stlth   ++++......               (no amulet)
HPRegen 0.06/turn                (no ring)
MPRegen 0.10/turn                (no ring)

@: lethally poisoned (0 -> -9)
A: small, no large weapons, nightstalker 3
a: no special abilities


You were on level 2 of the Dungeon.
You visited 1 branch of the dungeon, and saw 2 of its levels.

You collected 33 gold pieces.

Inventory:

Hand Weapons
 a - a +1 dagger (weapon)
Armour
 b - a +0 robe (worn)
Jewellery
 g - a ring of magical power
Scrolls
 d - a scroll of silence {unknown}
 e - 3 scrolls of identify {unknown}
 f - a scroll of teleportation {unknown}
 j - a scroll of fear {unknown}
 k - a scroll of torment {unknown}
 l - a scroll of enchant weapon {unknown}
 m - a scroll of amnesia {unknown}
Potions
 c - 2 potions of invisibility
 h - a potion of curing {unknown}
 i - 2 potions of mutation {unknown}


   Skills:
 + Level 1.0 Fighting
 + Level 2.1 Short Blades
 + Level 2.7 Dodging
 * Level 4.8 Stealth
 + Level 2.4 Spellcasting
 + Level 3.2 Hexes


You had 6 spell levels left.
You didn't know any spells.
Your spell library contained the following spells:

 Spells                   Type           Power      Damage    Failure   Level
 Ensorcelled Hibernation  Hex/Ice        14%        N/A       16%         2
 Confusing Touch          Hex            12%        N/A       16%         3
 Tukima's Dance           Hex            12%        N/A       16%         3
 Dazzling Flash           Conj/Hex       14%        N/A       30%         3
 Silence                  Hex/Air        3%         N/A       96%         5
 Agony                    Necr           1%         N/A       99%         5


Dungeon Overview and Level Annotations

Branches:
Dungeon (2/15)

Altars:


Innate Abilities, Weirdness & Mutations

You are small and have problems with some larger weapons.
You are completely attuned to the shadows.


Message History

The adder is lightly wounded.
The adder barely misses you.
You hit the adder but do no damage.
The adder is lightly wounded.
The adder bites you.
You are poisoned.
The adder poisons you!
You hit the adder.
The adder is lightly wounded.
You feel sick. The adder bites you. The adder closely misses you.
You are too injured to fight recklessly!
You are too injured to fight recklessly!
You are too injured to fight recklessly!
You are too injured to fight recklessly!
You are too injured to fight recklessly!
You are too injured to fight recklessly!
You are too injured to fight recklessly!
You are too injured to fight recklessly!
You are too injured to fight recklessly!
You are too injured to fight recklessly!
You are too injured to fight recklessly!
You are too injured to fight recklessly!
You closely miss the adder.
The adder is lightly wounded.
You feel sick. The adder completely misses you.
You hit the adder.
The adder is moderately wounded.
You feel sick. The adder completely misses you.
You hit the adder.
The adder is moderately wounded.
You feel sick. The adder closely misses you.
You closely miss the adder.
The adder is moderately wounded.
The adder bites you.
* * * LOW HITPOINT WARNING * * *
You are more poisoned.
The adder poisons you!
You closely miss the adder.
The adder is moderately wounded.
You die...

..)+ ...### ######
#..... #....#
#..#####.##.##≈≈≈≈≈≈≈≈
#...#.....#.#≈≈≈≈≈≈≈≈≈
#...#.#####.#≈≈≈≈≈≈≈≈≈
##..#.# #.#≈≈≈≈≈≈≈#.
#...#.# #.'†...S...#
#..##.#####.'...@?..[#
#.....#...#.#≈≈≈≈≈≈≈#.
##...##...#.#≈≈≈≈≈≈≈≈≈
###......(.#≈≈≈≈≈≈≈≈≈
#######....###≈≈≈≈≈≈≈
#.....'......#
#.#####....#.# #.#
######.# #.# #.#


You could see an adder.

Vanquished Creatures
  An adder (D:2)
  4 ball pythons
  2 bats
  2 endoplasms
  3 giant cockroaches (D:2)
  2 goblins
  3 hobgoblins
  3 jackals (D:1)
  5 kobolds
  A rat (D:1)
26 creatures vanquished.

Notes
Turn   | Place    | Note
-------+----------+-------------------------------------------
     0 | D:1      | Setbun the Kobold Enchanter began the quest for the Orb.
     0 | D:1      | Reached XP level 1. HP: 10/10 MP: 3/3
    65 | D:1      | Found a faded altar of an unknown god.
   246 | D:1      | Reached XP level 2. HP: 15/15 MP: 5/5
  1011 | D:2      | Reached XP level 3. HP: 20/20 MP: 6/6
  1274 | D:2      | Reached skill level 1 in Fighting
  1283 | D:2      | Succumbed to an adder's poison

Illustrated notes

Levels and vault maps discovered:
D:1:      lemuel_arrival_tunnels, layout_loops_cross,
          dreamdust_ecumenical_altar_statues, minmay_octomino_j4
D:2:      kennysheep_big_flooded_room, layout_basic, basic_altar, serial_shops,
          shop, minmay_joined_circles, uniq_sigmund, uniq_robin

Skill      XL: |  1  2  3 |
---------------+----------+-----
Short Blades   | 2 |  2.1
Fighting       | 1 |  1.0
Dodging        | |  2.7
Stealth        | |  4.8
Spellcasting   | |  2.4
Hexes          | |  3.2

Action                   || total
-------------------------++-------
Melee: Dagger            ||    93
       Punch             ||     2
 Stab: Sleeping          ||    12
Armor: Robe              ||     5
Dodge: Dodged            ||    65

Table legend: (Time is in decaauts)
 A = Elapsed time spent in this place.
 B = Non-inter-level travel time spent in this place.
 C = Inter-level travel time spent in this place.
 D = Time resting spent in this place.
 E = Time spent auto-exploring this place.
 F = Levels seen in this place.
 G = Mean time per level.
                   A        B        C        D        E       F      G
               +--------+--------+--------+--------+--------+-----+--------+
         Total |   1274 |   1263 |     11 |    142 |    947 |   2 |  637.0 |
       Dungeon |   1274 |   1263 |     11 |    142 |    947 |   2 |  637.0 |
               +--------+--------+--------+--------+--------+-----+--------+

Top non-repeatable levels by time:
     D:1: 974 daAuts
     D:2: 299 daAuts
